 Dungeon Crawl Stone Soup version 0.32-a0-893-gf85d74f360 (webtiles) character file.

Game seed: 18230672387491467141

26 jestert79 the Shooter (level 3, -7/27 HPs)
             Began as a Formicid Hunter on Apr 3, 2024.
             Mangled by a black bear (10 damage)
             ... on level 2 of the Dungeon.
             The game lasted 00:01:08 (1055 turns).

jestert79 the Shooter (Formicid Hunter)             Turns: 1055, Time: 00:01:09

Health: -7/27      AC:  4    Str: 15    XL:     3   Next: 22%
Magic:  3/3        EV: 11    Int:  8    God:
Gold:   17         SH:  0    Dex: 19    Spells: 2/2 levels left

rFire   . . .        a - +0 shortbow
rCold   . . .        (no shield)
rNeg    . . .        c - +0 leather armour
rPois   .            (helmet unavailable)
rElec   .            (no cloak)
rCorr   .            (no gloves)
SInv    +            f - +0 pair of boots
Will    .....        (no amulet)
Stlth   ++           (no ring)
HPRegen 0.24/turn    (no ring)
MPRegen 0.08/turn

%: no passive effects
@: no status effects
A: permanent stasis, dig shafts and tunnels, antennae 3, four strong arms
a: Dig, Shaft Self


You were on level 2 of the Dungeon.
You visited 1 branch of the dungeon, and saw 2 of its levels.

You collected 17 gold pieces.

Inventory:

Hand Weapons
 a - a +0 shortbow (weapon)
Armour
 c - a +0 leather armour (worn)
 f - a +0 pair of boots (worn)
 g - a +0 kite shield
Scrolls
 b - a scroll of butterflies
 d - 3 scrolls of immolation {unknown}
 h - a scroll of acquirement {unknown}
 i - a scroll of revelation {unknown}
Potions
 e - 3 potions of attraction {unknown}
 j - a potion of brilliance {unknown}
 k - 2 potions of degeneration {unknown}
 l - a potion of curing {unknown}


   Skills:
 - Level 2.1 Fighting
 + Level 4.9 Ranged Weapons
 - Level 1.7 Dodging
 - Level 1.2 Stealth


You had 2 spell levels left.
You didn't know any spells.
Your spell library was empty.

Dungeon Overview and Level Annotations

Branches:
Dungeon (2/15)

Altars:


Innate Abilities, Weirdness & Mutations

You cannot be hasted, slowed, berserked, paralysed or teleported.
You can dig through walls and to a lower floor.
You have a pair of large antennae on your head. (SInv)
Your four strong arms can wield two-handed weapons with a shield.


Message History

Unknown command.
You shoot an arrow. The arrow hits the black bear.
The black bear is moderately wounded.
The black bear barely misses you.
The black bear claws you but does no damage.
The black bear barely misses you.
Unknown command.
You shoot an arrow. The arrow hits the black bear.
The black bear is moderately wounded.
The black bear misses you. x2; The black bear claws you.
Unknown command.
You shoot an arrow. The arrow hits the black bear.
The black bear is heavily wounded.
The black bear barely misses you. x3; The black bear bites you!
* * * LOW HITPOINT WARNING * * *
The black bear misses you.
The black bear claws you but does no damage.
Unknown command.
You shoot an arrow. The arrow barely misses the black bear.
The arrow hits the ribbon worm!
The ribbon worm is heavily wounded.
The black bear completely misses you. The black bear barely misses you.
The black bear claws you but does no damage.
Unknown command.
You shoot an arrow. The arrow hits the black bear!
The black bear is severely wounded.
The black bear bites you.
* * * LOW HITPOINT WARNING * * *
The black bear claws you.
* * * LOW HITPOINT WARNING * * *
The black bear barely misses you.
You shoot an arrow. The arrow hits the black bear!
The black bear is almost dead.
The black bear goes berserk!
Unknown command.
You shoot an arrow.
The arrow hits the black bear but does no damage.
The black bear is almost dead.
The black bear bites you!
You die...

#.### #.# ### #.# #.# ... ..#
#.# #.. #.# #.# #... #.# ^ #.#
#...##.# . ####.##### #.#..#.#
######.
##........######......###......
+.............@hw.......'......
##.#....#.####.###...####.h....
#)##.#.#.# #.# #...# ##w.... #
###.#.# #.# #.#. ##.<.. ....#
#.#...#. ##... #.### #.#.# #.
##+# #.# #.#. #. #.# #.# #. .#


You could see a black bear (berserk) and a ribbon worm.

Vanquished Creatures
  2 dart slugs (D:1)
  2 ball pythons (D:1)
  3 endoplasms (D:1)
  3 giant cockroaches
  3 goblins
  A hobgoblin (D:1)
  A quokka (D:1)
  2 frilled lizards (D:1)
  A kobold (D:1)
  2 rats (D:1)
20 creatures vanquished.

Notes
Turn   | Place    | Note
-------+----------+-------------------------------------------
     0 | D:1      | jestert79 the Formicid Hunter began the quest for the Orb.
     0 | D:1      | Reached XP level 1. HP: 16/16 MP: 1/1
   192 | D:1      | Reached XP level 2. HP: 22/22 MP: 2/2
   581 | D:1      | Reached XP level 3. HP: 27/27 MP: 3/3
   921 | D:2      | Noticed a black bear
  1055 | D:2      | Mangled by a black bear

Illustrated notes

Levels and vault maps discovered:
D:1:      dpeg_arrival_shrine, layout_basic, serial_bayou_pond_d,
          minmay_tiny_reverse_x
D:2:      layout_loops_corners, nicolae_wormholes, uniq_jessica, uniq_natasha

Action                     || total
---------------------------++-------
   Fire: Shortbow          ||    69
 Armour: Leather armour    ||    26
  Dodge: Dodged            ||    22

Table legend: (Time is in decaauts)
 A = Elapsed time spent in this place.
 B = Non-inter-level travel time spent in this place.
 C = Inter-level travel time spent in this place.
 D = Time resting spent in this place.
 E = Time spent auto-exploring this place.
 F = Levels seen in this place.
 G = Mean time per level.
                   A        B        C        D        E       F      G
               +--------+--------+--------+--------+--------+-----+--------+
         Total |   1069 |    967 |    102 |      0 |    788 |   2 |  534.5 |
       Dungeon |   1069 |    967 |    102 |      0 |    788 |   2 |  534.5 |
               +--------+--------+--------+--------+--------+-----+--------+

Top non-repeatable levels by time:
     D:1: 951 daAuts
     D:2: 117 daAuts
